AoeStats
← eyupfc

Arabia

508309037Analyzed
3v3 RM · 11d ago on Sep 21, 2026· 30m 6s· 6 players
Game mode
Random Map
Map size
Normal (6 player)
Population
200
Speed
Normal
Resources
Standard
Victory
Conquest
Starting age
Dark Age
Ending age
Imperial Age
RankedLock teamsTeams togetherTeam positionsShared explorationLock speedFull tech treeHidden civsTurbo modeCheats
Victory
Defeat
🇹🇷 Vietnamese · Türkiye
1150
+13
🇹🇷 Berbers · Türkiye
1131
+13
🇹🇷 Maya · Türkiye
1120
+14
🇹🇷 Khmer · Türkiye
1100
-15
🇨🇭 Turks · Switzerland
1078
-13
1050
-12
Dyragor
11:28 Feudal Age
10:19 Loom
18:23 Castle Age
17:22 Fletching
22:17 Horse Collar
tataglia
2:28 Loom
12:09 Feudal Age
17:44 Castle Age
16:15 Double-Bit Axe
16:15 Horse Collar
17:18 Scale Barding Armor
18:01 Bloodlines
20:02 Gold Mining
22:22 Forging
23:00 Town Watch
24:02 Chain Barding Armor
25:31 Wheelbarrow
27:31 Iron Casting
28:05 Husbandry
三只蚂蚁国际集运
0:43 Loom
11:19 Feudal Age
27:10 Castle Age
25:37 Scale Barding Armor
25:33 Gold Mining
25:55 Stone Mining
26:25 Double-Bit Axe
26:22 Horse Collar
KingMoonborn
7:52 Loom
10:44 Feudal Age
11:21 Double-Bit Axe
14:05 Fletching
14:35 Horse Collar
20:16 Wheelbarrow
21:29 Padded Archer Armor
24:04 Castle Age
23:36 Padded Archer Armor
24:08 Crossbowman
24:47 Bodkin Arrow
25:00 Thumb Ring
26:39 Bow Saw
27:08 Town Watch
eyupfc
0:27 Loom
9:37 Feudal Age
10:19 Double-Bit Axe
15:23 Fletching
23:05 Castle Age
21:53 Gold Mining
21:44 Horse Collar
23:04 Padded Archer Armor
23:46 Crossbowman
24:23 Bodkin Arrow
25:08 Leather Archer Armor
25:31 Bow Saw
27:24 Ballistics
28:44 Wheelbarrow
28:34 Heavy Plow
isik.cemil
7:03 Loom
9:54 Feudal Age
14:45 Scale Barding Armor
18:38 Bloodlines
19:50 Double-Bit Axe
19:49 Horse Collar
23:26 Castle Age
22:11 Forging
24:10 Husbandry
25:28 Bow Saw
25:19 Heavy Plow
25:11 Gold Mining
25:12 Stone Mining
27:13 Chain Barding Armor
30:08 Iron Casting
Connection lost

Rejoining the realm…

Still unreachable

The connection could not be restored.

Session expired

The server has moved on; the page needs a fresh start.